 Dungeon Crawl Stone Soup version 0.31-a0-876-gfe8ebadbca (webtiles) character file.

Game seed: 4078370961235476416

33 kae the Vexing (level 3, 0/25 HPs)
             Began as a Demonspawn Enchanter on Oct 13, 2023.
             Slain by Robin
             ... wielding a +0 falchion
              (2 damage)
             ... on level 1 of the Dungeon.
             The game lasted 00:01:07 (970 turns).

kae the Vexing (Demonspawn Enchanter)                Turns: 970, Time: 00:01:07

Health: 0/25       AC:  4    Str:  8    XL:     3   Next: 12%
Magic:  1/6        EV: 12    Int: 18    God:
Gold:   88         SH:  0    Dex: 13    Spells: 1/6 levels left

rFire   + . .        a - +1 dagger
rCold   . . .        (no shield)
rNeg    . . .        b - +0 robe
rPois   .            (no helmet)
rElec   .            (no cloak)
rCorr   .            (no gloves)
SInv    .            (no boots)
Will    .....        (no amulet)
Stlth   ++           F - ring of protection from fire
HPRegen 0.24/turn    L - ring of flight
MPRegen 0.10/turn

%: no passive effects
@: flying, hasted, very quick
A: yellow scales 1
a: no special abilities


You were on level 1 of the Dungeon.
You visited 1 branch of the dungeon, and saw 2 of its levels.

You collected 88 gold pieces.


Innate Abilities, Weirdness & Mutations

You are partially covered in yellow scales. (AC +2)


   Skills:
 + Level 0.9 Fighting
 * Level 1.5 Short Blades
 - Level 1.7 Dodging
 + Level 2.9 Stealth
 + Level 2.2 Spellcasting
 * Level 3.4 Hexes


You had one spell level left.
You knew the following spells:

 Your Spells              Type           Power      Damage    Failure   Level
a - Ensorcelled Hibernat  Hex/Ice        16%        N/A       13%         2
b - Confusing Touch       Hex            14%        N/A       13%         3

Your spell library contained the following spells:

 Spells                   Type           Power      Damage    Failure   Level
 Jinxbite                 Hex            28%        N/A       7%          2
 Tukima's Dance           Hex            14%        N/A       13%         3
 Dazzling Flash           Conj/Hex       16%        N/A       26%         3
 Anguish                  Hex/Necr       4%         N/A       65%         4

Inventory:

Hand Weapons
 a - a +1 dagger (weapon)
Missiles
 e - 13 stones
Armour
 b - a +0 robe (worn)
Jewellery
 F - a ring of protection from fire (left hand)
   (You found it on level 2 of the Dungeon)
 L - a ring of flight (right hand)
   (You found it on level 2 of the Dungeon)
Scrolls
 f - a scroll of noise {unknown}
 g - 2 scrolls of identify {unknown}
 j - a scroll of fog {unknown}
 k - a scroll of amnesia {unknown}
Potions
 c - 2 potions of invisibility
 d - 2 potions of berserk rage {unknown}
 h - a potion of lignification {unknown}
 i - 3 potions of haste {@q3}

Dungeon Overview and Level Annotations

Branches:
Dungeon (2/15) Zot: 11035

Altars:

Annotations:
D:1 Robin

#.# ##†#.....≈..+.###. #.#
#.#...≈....### #.
############.####.#........# #.
....#.............##......## #.
###...............####+##### #.
##....#####.............##.# #.
.#...........###.######.##.#####.
...................# #.......##.
###....#####.###@..# #.......##.
#.........##.###.g.####.......##.
#....................))..........
#.........######...####)......###
####.............#.# #.......#
#...###########.# #.......# #...#
#.# ####.#### ##### #.#######.#
#.........#


You could see Robin.


Message History

j - a scroll labelled XYNUOXTOCUF No target in view!
No target in view!
You see here a +0 club.
k - a scroll labelled HYRUIMIGAEL You see here a +0 club.
You see here a +0 hand axe.
Found a stone staircase leading down.
You see here a +2 dagger of draining.
Found a stone staircase leading up.
A goblin comes into view. It is wielding a +0 club.
A goblin is nearby!
A goblin is nearby!
Robin and a goblin come into view. 6 goblins come into view.
Robin shouts!
The goblin shouts! x3
A quokka comes into view.
The goblin unwields a +0 club.
The goblin wields a +0 sling.
The goblin shoots a sling bullet.
The sling bullet closely misses you.
Robin roars a battlecry!
You hear a shout! x3
There is a stone staircase leading up here.
There are monsters nearby!
Robin says, "My goblins will feast on your bones."
Robin roars a battlecry!
You hit the goblin. The goblin hits you but does no damage.
You closely miss the goblin. The goblin hits you but does no damage.
You hit the goblin.
You kill the goblin!
The goblin shoots a sling bullet.
The sling bullet closely misses you.
A goblin comes into view. It is wielding a +0 dagger.
Robin closely misses you.
You fly upwards.
There is a stone staircase leading down here.
Casting: Ensorcelled Hibernation (safe; 13% risk of failure)
Confirm with . or Enter, or press ? or * to list all spells.
Aiming: Ensorcelled Hibernation (safe; 13% risk of failure)
Press: ? - help, Shift-Dir - straight line, f - Robin
Aim: Robin, wielding a +0 falchion, wearing a +0 animal skin and wearing a +0 helmet (chance to affect: 50%)
You miscast Ensorcelled Hibernation.
You are very lightly contaminated with residual magic.
Nothing appears to happen.
Robin says, "Kneel, worm!"
Robin hits you with a +0 falchion. 😕 HP[-3] MP[-2]
You take 3 damage, and now have 22/25 hp.
You lost 2 mp, and now have 4/6 mp.
Casting: Ensorcelled Hibernation (safe; 13% risk of failure)
Confirm with . or Enter, or press ? or * to list all spells.
Aiming: Ensorcelled Hibernation (safe; 13% risk of failure)
Press: ? - help, Shift-Dir - straight line, f/p - Robin
Aim: Robin, wielding a +0 falchion, wearing a +0 animal skin and wearing a +0 helmet (chance to affect: 50%) Robin resists with some effort.
Robin hits you with a +0 falchion. 😕 HP[-3] MP[-2]
You take 3 damage, and now have 19/25 hp.
You lost 2 mp, and now have 2/6 mp.
Casting: Ensorcelled Hibernation (safe; 13% risk of failure)
Confirm with . or Enter, or press ? or * to list all spells.
Aiming: Ensorcelled Hibernation (safe; 13% risk of failure)
Press: ? - help, Shift-Dir - straight line, f/p - Robin
Aim: Robin, wielding a +0 falchion, wearing a +0 animal skin and wearing a +0 helmet (chance to affect: 50%) Robin resists with some effort.
Robin hits you with a +0 falchion. 😮 HP[-4] MP[-2]
You take 4 damage, and now have 15/25 hp.
You lost 2 mp, and now have 0/6 mp.
Casting: Ensorcelled Hibernation (safe; 13% risk of failure)
Confirm with . or Enter, or press ? or * to list all spells.
You don't have enough magic to cast this spell.
You hit Robin.
Robin's horned helmet rattles.
Robin hits you but does no damage.
Unknown command.
You hit Robin. You hit Robin but do no damage.
Robin says, "My goblins will feast on your bones."
Robin closely misses you.
You hit Robin but do no damage.
Robin hits you with a +0 falchion. 😮 HP[-1]
You take 1 damage, and now have 14/25 hp.
You hit Robin. Robin hits you with a +0 falchion!
* * * LOW HITPOINT WARNING * * *
Your magical contamination has completely faded away.
Unknown command. 😨 HP[-7]
You take 7 damage, and now have 7/25 hp.
MASSIVE DAMAGE!! (PAUSE)
You closely miss Robin. Robin hits you but does no damage.
You barely miss Robin. Robin hits you with a +0 falchion.
* * * LOW HITPOINT WARNING * * *
😱 HP[-5]
You take 5 damage, and now have 2/25 hp.
It was a potion of haste.
You feel yourself speed up. Robin hits you with a +0 falchion.
* * * LOW HITPOINT WARNING * * *
😱 MP[+1] Unknown command.
Unknown command.
Robin attacks as they pursues you! Robin hits you with a +0 falchion.
You die...
Robin lets out a smug laugh.

Skill      XL: |  1 |
---------------+----+-----
Short Blades   | 1 |  1.5
Fighting       | |  0.9
Dodging        | |  1.7
Stealth        | |  2.9
Spellcasting   | |  2.2
Hexes          | |  3.4

Action                     || total
---------------------------++-------
  Melee: Dagger            ||    80
         Punch             ||     2
   Cast: Ensorcelled Hiber ||     5
    Use: Potion            ||     1
   Stab: Sleeping          ||     6
 Armour: Robe              ||    31
  Dodge: Dodged            ||    53

Levels and vault maps discovered:
D:1:      roderic_octagonal_star, layout_loops_ring, basic_ecumenical_altar,
          kennysheep_another_room, minmay_pentomino_o4
D:2:      layout_basic, uniq_robin

Notes
Turn   | Place    | Note
-------+----------+-------------------------------------------
     0 | D:1      | kae the Demonspawn Enchanter began the quest for the Orb.
     0 | D:1      | Reached XP level 1. HP: 13/13 MP: 3/3
     0 | D:1      | magus.rc [v1.11.3]
    78 | D:1      | Found a faded altar of an unknown god.
    93 | D:1      | Reached skill level 1 in Short Blades
   331 | D:1      | Gained mutation: You are partially covered in yellow
                  | scales. (AC +2) [demonic ancestry]
   331 | D:1      | Reached XP level 2. HP: 20/20 MP: 5/5
   336 | D:1      | Learned a level 2 spell: Ensorcelled Hibernation
   754 | D:1      | You pick up a book of Dreams and begin reading...
   754 | D:1      | You add the spells Jinxbite and Anguish to your library.
   847 | D:2      | Reached XP level 3. HP: 25/25 MP: 6/6
   851 | D:2      | Learned a level 3 spell: Confusing Touch
   942 | D:2      | Noticed Robin
   968 | D:1      | HP: 2/25 [Robin/+0 falchion (5)]
   970 | D:1      | Slain by Robin

Vanquished Creatures
  2 dart slugs (D:1)
  2 endoplasms (D:1)
  A giant cockroach (D:1)
  6 goblins
  4 hobgoblins (D:1)
  2 quokkas
  3 ball pythons
  2 bats
  3 frilled lizards (D:1)
  A kobold (D:1)
26 creatures vanquished.

Table legend:
 A = Non-vault XP
 B = Vault XP
 C = Vault XP percentage of total XP
 D = Non-vault monster count
 E = Vault monster count
 F = Vault count percentage of total count
                 A         B        C        D         E       F
            +---------+---------+-------+---------+---------+-------
      Total |      42 |       6 |  12.5 |      23 |       3 |  11.5
            +---------+---------+-------+---------+---------+-------
        D:1 |      35 |       4 |  10.3 |      19 |       2 |   9.5
        D:2 |       7 |       2 |  22.2 |       4 |       1 |  20.0
            +---------+---------+-------+---------+---------+-------

Skill      XL: |  1 |
---------------+----+-----
Short Blades   | 1 |  1.5
Fighting       | |  0.9
Dodging        | |  1.7
Stealth        | |  2.9
Spellcasting   | |  2.2
Hexes          | |  3.4

Action                     || total
---------------------------++-------
  Melee: Dagger            ||    80
         Punch             ||     2
   Cast: Ensorcelled Hiber ||     5
    Use: Potion            ||     1
   Stab: Sleeping          ||     6
 Armour: Robe              ||    31
  Dodge: Dodged            ||    53

Illustrated notes

Table legend:
 A = Kills in this place as a percentage of kills in the entire game.
 B = Kills by you in this place as a percentage of kills by you in the entire game.
 C = Kills by friends in this place as a percentage of kills by friends in the entire game.
 D = Other kills in this place as a percentage of other kills in the entire game.
 E = Experience gained in this place as a percentage of experience gained in the entire game.
 F = Experience gained in this place divided by the number of levels of this place that you have seen.
                   A       B       C       D       E      F
               +-------+-------+-------+-------+-------+----------------------
         Total | 100.0 | 100.0 |   N/A |   N/A | 100.0 |  24.0
       Dungeon | 100.0 | 100.0 |   N/A |   N/A | 100.0 |  24.0
               +-------+-------+-------+-------+-------+----------------------

Table legend: (Time is in decaauts)
 A = Elapsed time spent in this place.
 B = Non-inter-level travel time spent in this place.
 C = Inter-level travel time spent in this place.
 D = Time resting spent in this place.
 E = Time spent auto-exploring this place.
 F = Levels seen in this place.
 G = Mean time per level.
                   A        B        C        D        E       F      G
               +--------+--------+--------+--------+--------+-----+--------+
         Total |    964 |    956 |      8 |     53 |    687 |   2 |  482.0 |
       Dungeon |    964 |    956 |      8 |     53 |    687 |   2 |  482.0 |
               +--------+--------+--------+--------+--------+-----+--------+

Top non-repeatable levels by time:
     D:1: 818 daAuts
     D:2: 145 daAuts
